 Dungeon Crawl Stone Soup version 0.28.0-45-g0d030f2227 (webtiles) character file.

Game seed: 1211022228659069703

268 MisterFreud the Cudgeller (level 6, -3/51 HPs)
             Began as a Palentonga Fighter on Apr 1, 2022.
             Was an Initiate of Okawaru.
             Slain by a wyvern zombie (12 damage)
             ... on level 6 of the Dungeon.
             The game lasted 00:06:51 (3773 turns).

MisterFreud the Cudgeller (Palentonga Fighter)      Turns: 3773, Time: 00:06:51

Health: -3/51      AC:  6    Str: 21    XL:     6   Next: 0%
Magic:  7/7        EV:  7    Int:  9    God:    Okawaru [......]
Gold:   125        SH:  5    Dex:  9    Spells: 5/5 levels left

rFire   . . .      SeeInvis +   j - +2 morningstar (flame)
rCold   . . .      Faith    .   c - +1 buckler
rNeg    . . .      Spirit   .   b - +0 scale mail
rPois   .          Reflect  .   (no helmet)
rElec   .          Harm     .   f - scarf {repulsion}
rCorr   .          Rampage  .   (no gloves)
Will    .....                   (no barding)
Stlth   ..........              (no amulet)
HPRegen 0.17/turn               (no ring)
MPRegen 0.10/turn               (no ring)

@: mighty, repel missiles
A: large, rugged brown scales 3, see invisible, deformed body, roll 1, armoured
tail
a: Rolling Charge, Renounce Religion


You were on level 6 of the Dungeon.
You worshipped Okawaru.
Okawaru was noncommittal.
You visited 1 branch of the dungeon, and saw 6 of its levels.

You collected 125 gold pieces.

Inventory:

Hand Weapons
 a - a +0 flail
 j - a +2 morningstar of flaming (weapon)
Missiles
 i - 5 boomerangs
 l - 4 poisoned darts
Armour
 b - a +0 scale mail (worn)
 c - a +1 buckler (worn)
 f - a scarf of repulsion (worn)
 k - a scarf of invisibility
Jewellery
 g - a ring of ice
 m - a ring of fire
 s - an amulet of the acrobat
Scrolls
 q - a scroll of enchant armour
Potions
 e - a potion of attraction
 h - 3 potions of brilliance
 n - 2 potions of mutation
 p - a potion of ambrosia {unknown}
 r - 2 potions of curing
 t - a potion of heal wounds {unknown}


   Skills:
 + Level 3.6 Fighting
 * Level 5.5 Maces & Flails
 - Level 2.5 Armour
 - Level 2.5 Shields
 + Level 1.5 Invocations


You had 5 spell levels left.
You didn't know any spells.
Your spell library was empty.

Dungeon Overview and Level Annotations

Branches:
Dungeon (5/15)
 Temple: D:4-7

Altars:
Okawaru
Wu Jian
Yredelemnul

Shops:
D:4 !   D:5 [


Innate Abilities, Weirdness & Mutations

You are completely covered in rugged brown scales. (AC +3, +7% HP)
You have supernaturally acute eyesight. (SInv)
Armour fits poorly on your strangely shaped body.
You can roll at nearby foes to attack.
You have a long armoured tail.


Message History

The bullfrog skeleton is severely damaged.
The wyvern zombie bites you!
The bullfrog skeleton hits you but does no damage.
You block the wyvern zombie's attack.
You block the bullfrog skeleton's attack.
You sock the bullfrog skeleton!
You destroy the bullfrog skeleton!
Okawaru accepts your kill. The wyvern zombie bites you!
You have reached level 6!
The wyvern zombie bites you!
* * * LOW HITPOINT WARNING * * *
Found 7 gold pieces.
Okay, then.
Unknown command.
It was a potion of curing.
You feel better.
The wyvern zombie bites you but does no damage.
As you read the scroll labelled FALERIEKOU, it crumbles to dust.
It is a scroll of brand weapon.
Your +2 morningstar of protection is engulfed in flames!
j - a +2 morningstar of flaming (weapon)
Unknown command.
Unknown command.
The wyvern zombie bites you.
* * * LOW HITPOINT WARNING * * *
You barely miss the wyvern zombie. The wyvern zombie barely misses you.
The orc barely misses you.
You barely miss the wyvern zombie. You tail-slap the wyvern zombie!
The wyvern zombie is moderately damaged.
The wyvern zombie completely misses you.
The orc hits you but does no damage. The wyvern zombie bites you.
* * * LOW HITPOINT WARNING * * *
You feel very mighty all of a sudden. The orc hits you with a +0 dagger.
* * * LOW HITPOINT WARNING * * *
You block the wyvern zombie's attack.
You hit the wyvern zombie. You burn the wyvern zombie.
The wyvern zombie is moderately damaged.
The wyvern zombie bites you!
You die...

##..........
#...........
###.....$.....#
.............#
#..........#
#.........#
#.........#
#.@.....#
#.oZ....#
##.....##
###..## #..##
##.?###
#####....##
#.........##
##..........##


You could see an orc and a wyvern zombie.

Vanquished Creatures
  A water moccasin zombie (D:5)
  A bullfrog skeleton (D:6)
  A jelly (D:4)
  A centaur skeleton (D:5)
  A killer bee zombie (D:3)
  3 adders
  A white imp (D:5)
  2 dart slugs
  An orc (D:4)
  3 ball pythons
  4 endoplasms
  5 giant cockroaches
  6 goblins
  4 hobgoblins
  10 jackals
  A quokka (D:1)
  7 bats
  2 frilled lizards
  4 kobolds
  9 rats
  A spectral kobold (D:3)
68 creatures vanquished.

Notes
Turn   | Place    | Note
-------+----------+-------------------------------------------
     0 | D:1      | MisterFreud the Palentonga Fighter began the quest for the
                  | Orb.
     0 | D:1      | Reached XP level 1. HP: 19/19 MP: 1/1
   495 | D:1      | Reached XP level 2. HP: 25/25 MP: 2/2
   825 | D:1      | Reached skill level 3 in Maces & Flails
  1023 | D:2      | Reached XP level 3. HP: 20/31 MP: 3/3
  1532 | D:2      | Reached skill level 4 in Maces & Flails
  1704 | D:2      | Found an iron altar of Okawaru.
  1767 | D:2      | Became a worshipper of Warmaster Okawaru
  1907 | D:3      | Reached XP level 4. HP: 14/37 MP: 4/4
  2106 | D:3      | Found a faded altar of an unknown god.
  2906 | D:4      | Noticed an ogre
  2933 | D:3      | Identified a scroll of acquirement
  2933 | D:3      | Acquired a +2 morningstar of protection
  3015 | D:4      | Reached XP level 5. HP: 43/43 MP: 5/5
  3031 | D:4      | Reached skill level 5 in Maces & Flails
  3054 | D:4      | Found an ornate altar of the Wu Jian Council.
  3078 | D:5      | Entered Level 5 of the Dungeon
  3256 | D:5      | Reached skill level 1 in Invocations
  3268 | D:4      | Found Zewarak's Distillery.
  3347 | D:5      | Found Haett's Antique Armour Shop.
  3435 | D:5      | Noticed a necrophage
  3749 | D:4      | Found a basalt altar of Yredelemnul.
  3752 | D:4      | You fall into a shaft and drop 2 floors!
  3764 | D:6      | Reached XP level 6. HP: 16/51 MP: 7/7
  3773 | D:6      | Slain by a wyvern zombie

Illustrated notes

Levels and vault maps discovered:
D:1:      lightli_arrival_statue_moat, layout_basic, kennysheep_another_room
D:2:      layout_loops_cross, basic_altar
D:3:      layout_loops_ring, portal_sewer_entry_b,
          dreamdust_ecumenical_altar_drowned_temple
D:4:      layout_basic, yredelemnul_altar_generic,
          mainiacjoe_overflow_cross_hatched, serial_shops, shop
D:5:      layout_gridville, serial_shops, shop, st_stairs_2
D:6:      minmay_angry_zag, layout_cave_pods, mainiacjoe_overflow_boulevard,
          mainiacjoe_overflow_catwalk

Skill      XL: |  1  2  3  4  5 |
---------------+----------------+-----
Maces & Flails | 3 4 5 |  5.5
Invocations    | 1 |  1.5
Fighting       | |  3.6
Armour         | |  2.5
Shields        | |  2.5

Action                   |  1- 3 |  4- 6 || total
-------------------------+-------+-------++-------
Melee: Flail             |   151 |    62 ||   213
       Tailslap          |    12 |    13 ||    25
       Morningstar       |       |    36 ||    36
 Abil: Rolling Charge    |    10 |     1 ||    11
  Use: Scroll            |       |    11 ||    11
       Potion            |       |     2 ||     2
Armor: Scale mail        |    94 |    76 ||   170
Dodge: Dodged            |    65 |    43 ||   108
       Repelled          |     1 |       ||     1
Block: Buckler           |    32 |    24 ||    56
